 Dungeon Crawl Stone Soup version 0.25-a0-583-g696c2ac (webtiles) character file.

Game seed: 9009219200459039486, levelgen mode: deterministic

306 Espgualade the Destroyer (level 6, -5/32 HPs)
             Began as a Tengu Conjurer on Mar 7, 2020.
             Slain by Crazy Yiuf
             ... wielding a +4 quarterstaff of chaos
              (9 damage)
             ... on level 3 of the Dungeon.
             The game lasted 00:07:15 (3337 turns).

Espgualade the Destroyer (Tengu Conjurer)           Turns: 3337, Time: 00:07:16

Health: -5/32      AC:  3    Str:  8    XL:     6   Next: 39%
Magic:  10/19      EV: 15    Int: 17    God:
Gold:   125        SH:  0    Dex: 15    Spells: 6/9 levels left

rFire    . . .     SeeInvis .   k - +0 dagger
rCold    . . .     Gourm    .   (no shield)
rNeg     . . .     Faith    .   a - +0 robe
rPois    .         Spirit   .   (helmet restricted)
rElec    .         Reflect  .   (no cloak)
rCorr    .         Harm     .   l - +0 pair of gloves
MR       .....                  (boots unavailable)
Stlth    ++........             (no amulet)
HPRegen  0.10/turn              n - ring of magical power
MPRegen  0.16/turn              (no ring)

@: flying quickly and evasively, quick
A: beak, talons 3, able to fly
a: Stop Flying


You were on level 3 of the Dungeon.
You were very hungry.

You visited 1 branch of the dungeon, and saw 3 of its levels.

You collected 125 gold pieces.

Inventory:

Hand Weapons
 k - a +0 dagger (weapon)
Armour
 a - a +0 robe (worn)
 l - a +0 pair of gloves (worn)
Jewellery
 j - an uncursed amulet of the acrobat {unknown}
 n - a ring of magical power (left hand)
Scrolls
 b - 3 scrolls of remove curse {unknown}
 d - 8 scrolls of identify {unknown}
 g - a scroll of immolation {unknown}
 p - a scroll of random uselessness {unknown}
Potions
 e - 2 potions of heal wounds
 f - a potion of mutation {unknown}
 h - a potion of experience {unknown}
 i - a potion of berserk rage {unknown}
 m - a potion of resistance {unknown}
 o - a potion of stabbing {unknown}
 q - 3 potions of might {unknown}
 r - a potion of flight {unknown}
Comestibles
 c - 11 rations


   Skills:
 - Level 2.1 Dodging
 - Level 2.0 Stealth
 - Level 2.0 Spellcasting
 + Level 9.8 Conjurations


You had 6 spell levels left.
You knew the following spells:

 Your Spells              Type           Power        Failure   Level  Hunger
a - Magic Dart            Conj           ####         1%          1    #......
b - Searing Ray           Conj           #####.       1%          2    ###....

Your spell library contained the following spells:

 Spells                   Type           Power        Failure   Level  Hunger
 Dazzling Flash           Conj/Hex       ###...       8%          3    ###....
 Fulminant Prism          Conj/Hex       ###.......   26%         4    #####..
 Iskenderun's Mystic Bla  Conj/Tloc      ###.....     26%         4    #####..


Dungeon Overview and Level Annotations

Branches:
Dungeon (3/15)

Altars:
Sif Muna

Annotations:
D:3 Crazy Yiuf


Innate Abilities, Weirdness & Mutations

You have a beak for a mouth.
You have claws for feet.
You can fly continuously.


Message History

Crazy Yiuf burns you.
Casting: Magic Dart (safe; 1% risk of failure)
Confirm with . or Enter, or press ? or * to list all spells.
Aiming: Searing Ray (safe; 1% risk of failure)
Press: ? - help, Shift-Dir - straight line, f - Crazy Yiuf
Aim: Crazy Yiuf, wielding a +4 quarterstaff of chaos and wearing a +0 cloak (fast)
The searing ray hits Crazy Yiuf!
Crazy Yiuf is moderately wounded. (Press . to maintain the ray.)
You are feeling very hungry.
Crazy Yiuf cries, "Dawk!
Gum head sanguine."
Crazy Yiuf hits you with a +4 quarterstaff of chaos.
The searing ray hits Crazy Yiuf!
Crazy Yiuf is almost dead.
Crazy Yiuf hits you with a +4 quarterstaff of chaos!
* * * LOW HITPOINT WARNING * * *
Crazy Yiuf freezes you.
* * * LOW HITPOINT WARNING * * *
Crazy Yiuf hits you with a +4 quarterstaff of chaos!
You die...

#†# ####### #.#
#...... #.# #.#####
#.# #.# #.# ### #.##
#..##♣♣♣♣♣
########....♣.♣♣♣ ###
#>....@g.....♣.g♣#...#
#.####......♣♣♣♣.'...#
#.# ##....♣♣ ♣♣#..)#
#.# ####♣♣ ### #.#
#.#####
#.....###############
#####.....).........#
#..##############


You could see Crazy Yiuf.

Vanquished Creatures
  An orc wizard (D:3)
  Jessica (D:3)
  Natasha (thrice) (D:2)
  2 adders
  3 gnolls (D:3)
  An ooze (D:2)
  2 worms
  4 dart slugs
  4 leopard geckos
  5 orcs (D:3)
  13 bats
  7 giant cockroaches
  6 goblins
  14 hobgoblins
  13 jackals
  8 kobolds
  3 quokkas
  3 frilled lizards
  7 rats
100 creatures vanquished.

Notes
Turn   | Place    | Note
-------+----------+-------------------------------------------
     0 | D:1      | Espgualade the Tengu Conjurer began the quest for the Orb.
     0 | D:1      | Reached XP level 1. HP: 10/10 MP: 4/4
    75 | D:1      | Reached XP level 2. HP: 15/15 MP: 3/6
   104 | D:1      | Reached skill level 6 in Conjurations
   511 | D:1      | Reached XP level 3. HP: 19/19 MP: 2/7
   824 | D:1      | Learned a level 2 spell: Searing Ray
   848 | D:2      | Noticed Natasha
   852 | D:2      | Killed Natasha
   852 | D:2      | Reached skill level 7 in Conjurations
   880 | D:2      | Reached XP level 4. HP: 24/24 MP: 1/8
  1424 | D:2      | Noticed Natasha
  1446 | D:2      | Killed Natasha
  1446 | D:2      | Reached skill level 8 in Conjurations
  1551 | D:2      | Gained mutation: You can fly continuously. [Tengu growth]
  1551 | D:2      | Reached XP level 5. HP: 28/28 MP: 3/9
  1914 | D:2      | Noticed Natasha
  1926 | D:2      | Killed Natasha
  2108 | D:2      | Found a shimmering blue altar of Sif Muna.
  2539 | D:3      | Reached skill level 9 in Conjurations
  2542 | D:3      | Reached XP level 6. HP: 28/32 MP: 2/10
  2638 | D:3      | Noticed Jessica
  2656 | D:3      | Killed Jessica
  3320 | D:3      | Found a runed translucent door.
  3321 | D:3      | Noticed Crazy Yiuf
  3337 | D:3      | Slain by Crazy Yiuf

Levels and vault maps discovered:
D:1:      tarquinn_simple_flora_water_e, layout_basic
D:2:      layout_basic, led_sif_pool, uniq_natasha
D:3:      layout_loops_ring, first_ration, uniq_crazy_yiuf_cottage, uniq_jessica

Skill      XL: |  1  2  3  4  5 |
---------------+----------------+-----
Conjurations   | 6 7 8 9 |  9.8
Dodging        | |  2.1
Stealth        | |  2.0
Spellcasting   | |  2.0

Action                   |  1- 3 |  4- 6 || total
-------------------------+-------+-------++-------
Melee: Unarmed           |    12 |       ||    12
       Kick              |     3 |     9 ||    12
       Peck              |     1 |     6 ||     7
       Dagger            |       |    38 ||    38
 Cast: Magic Dart        |    42 |   105 ||   147
       Searing Ray       |     2 |    12 ||    14
 Abil: Fly               |       |     1 ||     1
  Use: Potion            |     1 |       ||     1
  Eat: Chunk             |       |    10 ||    10
Armor: Robe              |     2 |    10 ||    12
       Skin              |     1 |       ||     1
Dodge: Dodged            |     7 |    51 ||    58

Table legend:
 A = Non-vault XP
 B = Vault XP
 C = Vault XP percentage of total XP
 D = Non-vault monster count
 E = Vault monster count
 F = Vault count percentage of total count
                 A         B        C        D         E       F
            +---------+---------+-------+---------+---------+-------
      Total |     366 |      72 |  16.4 |      98 |       2 |   2.0
            +---------+---------+-------+---------+---------+-------
        D:1 |      43 |       0 |   0.0 |      22 |       0 |   0.0
        D:2 |     159 |      35 |  18.0 |      39 |       1 |   2.5
        D:3 |     164 |      37 |  18.4 |      37 |       1 |   2.6
            +---------+---------+-------+---------+---------+-------
